 Dungeon Crawl Stone Soup version 0.32-a0-131-g9dbbe29261 (webtiles) character file.

Game seed: 1557396906552409997

2 Ambrosia the Firebug (level 1, 0/14 HPs)
             Began as a Demigod Fire Elementalist on Feb 8, 2024.
             Slain by a hobgoblin (5 damage)
             ... on level 1 of the Dungeon.
             The game lasted 00:01:34 (253 turns).

Ambrosia the Firebug (Demigod Fire Elementalist)     Turns: 253, Time: 00:01:35

Health: 0/14       AC:  2    Str:  9    XL:     1   Next: 26%
Magic:  1/5        EV: 12    Int: 17    God:
Gold:   6          SH:  0    Dex: 14    Spells: 2/3 levels left

rFire   . . .        (no weapon)
rCold   . . .        (no shield)
rNeg    . . .        a - +0 robe
rPois   .            (no helmet)
rElec   .            (no cloak)
rCorr   .            (no gloves)
SInv    .            (no boots)
Will    .....        (no amulet)
Stlth   ++           (no ring)
HPRegen 0.22/turn    (no ring)
MPRegen 0.09/turn

%: no passive effects
@: no status effects
A: high MP 1, forlorn, divine attributes
a: no special abilities


You were on level 1 of the Dungeon.
You visited 1 branch of the dungeon, and saw 1 of its levels.

You collected 6 gold pieces.

Inventory:

Armour
 a - a +0 robe (worn)
Potions
 b - a potion of magic


   Skills:
 + Level 0.0 Fighting
 + Level 0.0 Armour
 + Level 1.8 Dodging
 - Level 1.7 Stealth
 * Level 1.8 Spellcasting
 * Level 1.0 Conjurations
 * Level 2.7 Fire Magic


You had 2 spell levels left.
You knew the following spells:

 Your Spells              Type           Power      Damage    Failure   Level
a - Foxfire               Conj/Fire      28%        2x1d5     10%         1

Your spell library contained the following spells:

 Spells                   Type           Power      Damage    Failure   Level
 Scorch                   Fire           20%        2d5       10%         2
 Inner Flame              Hex/Fire       6%         N/A       34%         3
 Volatile Blastmotes      Fire/Tloc      12%        2d11      34%         3
 Hailstorm                Conj/Ice       3%         3d5       43%         3
 Summon Ice Beast         Ice/Summ       1%         N/A       52%         3
 Flame Wave               Conj/Fire      7%         2d5       67%         4
 Sculpt Simulacrum        Ice/Alch       0%         N/A       100%        6


Dungeon Overview and Level Annotations

Branches:
Dungeon (1/15) Zot: 5746


Innate Abilities, Weirdness & Mutations

You have an increased reservoir of magic. (+10% MP)
You shall have no god before yourself.
Your divine heritage dramatically boosts your attributes as you level up.


Message History

You now have 4/5 mp.
You conjure some foxfire!
You now have 3/5 mp.
You conjure some foxfire!
The foxfire hits the ball python.
You now have 2/5 mp.
The foxfire hits the ball python.
You kill the ball python!
No target in view!
You see here a ball python corpse.
A ball python comes into view.
MP restored: 5 You conjure some foxfire!
You now have 4/5 mp.
You conjure some foxfire!
You now have 3/5 mp.
You conjure some foxfire!
You now have 2/5 mp.
There is not enough space to conjure foxfire!
The foxfire hits the ball python.
You kill the ball python!
You conjure some foxfire!
You now have 1/5 mp.
No target in view!
You see here a ball python corpse.
You add the spells Hailstorm, Summon Ice Beast and Sculpt Simulacrum to your library.
MP restored: 5 No target in view!
An endoplasm and 2 goblins come into view.
The endoplasm quivers.
The goblin shouts!
A hobgoblin comes into view.
The endoplasm moves out of view.
You conjure some foxfire!
The goblin shouts!
The hobgoblin shouts!
You now have 4/5 mp.
There is not enough space to conjure foxfire!
The foxfire hits the goblin.
You kill the goblin!
Your Conjurations skill increases to level 1!
You miscast Foxfire.
You are very lightly contaminated with residual magic.
Nothing appears to happen.
The hobgoblin hits you.
You take 3 damage, and have 11/14 hp.
MASSIVE DAMAGE!!
You now have 3/5 mp.
The hobgoblin attacks as it pursues you!
The hobgoblin hits you.
You take 5 damage, and have 6/14 hp.
MASSIVE DAMAGE!!
You are too injured to fight recklessly!
The hobgoblin attacks as it pursues you!
The hobgoblin hits you.
* * * LOW HITPOINT WARNING * * *
Your magical contamination has completely faded away.
You take 4 damage, and have 3/14 hp.
MASSIVE DAMAGE!!
You are too injured to fight recklessly!
Casting: Foxfire (safe; 10% risk of failure)
Press: ? - help, Q - select action Dir - look around, f - activate You conjure some foxfire!
The foxfire hits the hobgoblin.
You now have 3/5 mp.
Casting: Foxfire (safe; 10% risk of failure)
Press: ? - help, Q - select action Dir - look around, f - activate
There is not enough space to conjure foxfire!
Unknown command.
The hobgoblin attacks as it pursues you!
The hobgoblin barely misses you.
The hobgoblin attacks as it pursues you!
The hobgoblin barely misses you.
The hobgoblin attacks as it pursues you!
The hobgoblin barely misses you.
The hobgoblin attacks as it pursues you!
The hobgoblin hits you.
* * * LOW HITPOINT WARNING * * *
You take 2 damage, and have 4/14 hp.
Casting: Foxfire (safe; 10% risk of failure)
Press: ? - help, Q - select action Dir - look around, f - activate You conjure some foxfire!
The hobgoblin misses you.
You now have 3/5 mp.
Casting: Foxfire (safe; 10% risk of failure)
Press: ? - help, Q - select action Dir - look around, f - activate You conjure some foxfire!
The hobgoblin hits you but does no damage.
You now have 2/5 mp.
You are too injured to fight recklessly!
There are monsters nearby!
You are too injured to fight recklessly!
There are monsters nearby!
The foxfire hits the hobgoblin but does no damage. x2
The hobgoblin attacks as it pursues you!
The hobgoblin hits you but does no damage.
You are too injured to fight recklessly!
The hobgoblin barely misses you.
Casting: Foxfire (safe; 10% risk of failure)
Press: ? - help, Q - select action Dir - look around, f - activate You conjure some foxfire!
The hobgoblin barely misses you.
You now have 1/5 mp.
The foxfire hits the hobgoblin.
The hobgoblin attacks as it pursues you!
The hobgoblin hits you.
You die...

##......## #.#
##.....#.#########
#.#
##....###........#
#.#
##...#.#.#######.#
#g# .#..###.## #.#
#.# ##†.# #.#
#.#########.#
#.#.# #.#
#..Jg.......#
#.#.# #.#
#g###########
....###.########@#
............†....#
###.##############
###.# ....# #####


You could see a hobgoblin.

Vanquished Creatures
  2 ball pythons (D:1)
  A goblin (D:1)
3 creatures vanquished.

Vanquished Creatures (others)
  10 foxfires (D:1)
10 creatures vanquished.

Grand Total: 13 creatures vanquished

Notes
Turn   | Place    | Note
-------+----------+-------------------------------------------
     0 | D:1      | Ambrosia the Demigod Fire Elementalist began the quest for
                  | the Orb.
     0 | D:1      | Reached XP level 1. HP: 14/14 MP: 5/5
     0 | D:1      | Ambrosia: what
     0 | D:1      | elongatedgoose: everthitngs alright tight?
     0 | D:1      | elongatedgoose: right*
     0 | D:1      | Ambrosia: yes?
     0 | D:1      | Ambrosia: like fr
     0 | D:1      | Ambrosia: everything is good
     0 | D:1      | elongatedgoose: then why youve been being so mean
     0 | D:1      | Ambrosia: idk
     0 | D:1      | Ambrosia: pissed I can't get far as caster?
     0 | D:1      | Ambrosia: idk
     0 | D:1      | Ambrosia: idkidkikd
     0 | D:1      | elongatedgoose: plau slpwer
     0 | D:1      | Ambrosia: pissed because I feel as if my every act trying
                  | to give a hint that she doesn't notice?
     0 | D:1      | Ambrosia: idk
    83 | D:1      | elongatedgoose: dont hint be straight up
   226 | D:1      | Reached skill level 1 in Conjurations
   229 | D:1      | HP: 6/14 [hobgoblin (5)]
   234 | D:1      | HP: 3/14 [hobgoblin (4)]
   247 | D:1      | HP: 4/14 [hobgoblin (2)]
   250 | D:1      | elongatedgoose: youll get so much better results
   250 | D:1      | Ambrosia: buddy, i've known her for like 2 weeks
   250 | D:1      | elongatedgoose: ok?
   250 | D:1      | Ambrosia: bad fucking idea
   250 | D:1      | elongatedgoose: your over thinking
   250 | D:1      | Ambrosia: I am not listening to *you* for *girl*
                  | relationship advice
   252 | D:1      | elongatedgoose: fine
   253 | D:1      | Slain by a hobgoblin

Illustrated notes

Levels and vault maps discovered:
D:1:      dpeg_arrival_rhombi, layout_loops_ring

Skill      XL: |  1 |
---------------+----+-----
Conjurations   | 1 |  1.0
Dodging        | |  1.8
Stealth        | |  1.7
Spellcasting   | |  1.8
Fire Magic     | |  2.7

Action                     || total
---------------------------++-------
   Cast: Foxfire           ||    12
 Armour: Robe              ||     7
  Dodge: Dodged            ||     6

Table legend: (Time is in decaauts)
 A = Elapsed time spent in this place.
 B = Non-inter-level travel time spent in this place.
 C = Inter-level travel time spent in this place.
 D = Time resting spent in this place.
 E = Time spent auto-exploring this place.
 F = Levels seen in this place.
 G = Mean time per level.
                   A        B        C        D        E       F      G
               +--------+--------+--------+--------+--------+-----+--------+
         Total |    253 |    253 |      0 |      0 |    206 |   1 |  253.0 |
       Dungeon |    253 |    253 |      0 |      0 |    206 |   1 |  253.0 |
               +--------+--------+--------+--------+--------+-----+--------+

Top non-repeatable levels by time:
     D:1: 253 daAuts

Levels and vault maps discovered:
D:1:      dpeg_arrival_rhombi, layout_loops_ring

Table legend: (Time is in decaauts)
 A = Elapsed time spent in this place.
 B = Non-inter-level travel time spent in this place.
 C = Inter-level travel time spent in this place.
 D = Time resting spent in this place.
 E = Time spent auto-exploring this place.
 F = Levels seen in this place.
 G = Mean time per level.
                   A        B        C        D        E       F      G
               +--------+--------+--------+--------+--------+-----+--------+
         Total |    253 |    253 |      0 |      0 |    206 |   1 |  253.0 |
       Dungeon |    253 |    253 |      0 |      0 |    206 |   1 |  253.0 |
               +--------+--------+--------+--------+--------+-----+--------+

Top non-repeatable levels by time:
     D:1: 253 daAuts

Table legend:
 A = Kills in this place as a percentage of kills in the entire game.
 B = Kills by you in this place as a percentage of kills by you in the entire game.
 C = Kills by friends in this place as a percentage of kills by friends in the entire game.
 D = Other kills in this place as a percentage of other kills in the entire game.
 E = Experience gained in this place as a percentage of experience gained in the entire game.
 F = Experience gained in this place divided by the number of levels of this place that you have seen.
                   A       B       C       D       E      F
               +-------+-------+-------+-------+-------+----------------------
         Total | 100.0 | 100.0 |   N/A |   N/A | 100.0 |   4.0
       Dungeon | 100.0 | 100.0 |   N/A |   N/A | 100.0 |   4.0
               +-------+-------+-------+-------+-------+----------------------
